 Dungeon Crawl Stone Soup version 0.27-a0-445-gbe96e517c0 (webtiles) character file.

Game seed: 4081754105674672186

79340 Froggeryz the Bludgeoner (level 14, -13/109 HPs)
             Began as a Demigod Wanderer on Feb 25, 2021.
             Mangled by a spatial vortex (19 damage)
             ... summoned by a spatial maelstrom
             ... on level 2 of the Abyss on Feb 27, 2021.
             The game lasted 00:57:46 (39437 turns).

Froggeryz the Bludgeoner (Demigod Wanderer)        Turns: 39437, Time: 00:57:48

Health: -13/109    AC: 13    Str: 29    XL:     14   Next: 80%
Magic:  0/17       EV: 10    Int: 20    God:
Gold:   1314       SH: 15    Dex: 13    Spells: 8/13 levels left

rFire    + + .     SeeInvis .   N - +5 eveningstar of Haroemez {vorpal, Int+4}
rCold    . . .     Faith    .   L - +0 kite shield
rNeg     . . .     Spirit   +   K - +3 scale mail {rF+}
rPois    +         Reflect  .   J - +0 helmet
rElec    +         Harm     .   W - +0 cloak {rCorr}
rCorr    +         Rampage  .   o - +0 pair of gloves
Will     ++...                  x - +0 pair of boots "Ojygew" {rElec}
Stlth    ..........             h - amulet of guardian spirit
HPRegen  0.28/turn              E - ring of willpower
MPRegen  0.15/turn              S - ring "Huj Soq" {+Blink rPois rF+ rCorr}

@: no status effects
A: blink, frail 1, high mp 1, strong 1
a: Blink, Evoke Blink


You were on level 2 of the Abyss.
You visited 3 branches of the dungeon, and saw 23 of its levels.
You visited the Abyss 1 time.
You also visited: Bailey and Gauntlet.

You collected 2935 gold pieces.
You spent 1621 gold pieces at shops.

Inventory:

Hand Weapons
 s - the +8 trident "Qeujol" {elec, Str+4 Int-2}
   (You took it off a minotaur in a Gauntlet)

   Occasionally, upon striking a foe, it can discharge electrical energy and
   cause terrible harm.
   It affects your strength (+4).
   It affects your intelligence (-2).
 N - the +5 eveningstar of Haroemez (weapon) {vorpal, Int+4}
   (You acquired it in a Gauntlet)

   It inflicts extra damage upon your enemies.
   It affects your intelligence (+4).
Missiles
 Y - 17 javelins (quivered)
Armour
 o - a +0 pair of gloves (worn)
 w - the +10 plate armour of Quantum Leap {rPois}
   (You found it on level 2 of the Abyss)

   It protects you from poison.
 x - the +0 pair of boots "Ojygew" (worn) {rElec}
   (You found it on level 4 of the Dungeon)

   It insulates you from electricity.
 J - a +0 helmet (worn)
 K - a +3 scale mail of fire resistance (worn)
 L - a +0 kite shield (worn)
 W - a +0 cloak of preservation (worn)
Jewellery
 h - an amulet of guardian spirit (around neck)
 r - a ring of positive energy
 C - the ring of Feaxoddu {rC+ Int+6}
   (You found it on level 1 of the Lair of Beasts)

   [ring of intelligence]

   It affects your intelligence (+6).
   It protects you from cold.
 E - a ring of willpower (left hand)
 H - a +6 ring of strength
 S - the ring "Huj Soq" (right hand) {+Blink rPois rF+ rCorr}
   (You found it in a Gauntlet)

   [ring of resist corrosion]

   It protects you from fire.
   It protects you from poison.
   It lets you blink.
   It provides partial protection from all sources of acid and corrosion.
Wands
 a - a wand of flame (46)
 u - a wand of random effects (36)
 v - a wand of paralysis (15)
 y - a wand of mindburst (20)
 F - a wand of iceblast (33)
 G - a wand of digging (7)
 I - a wand of acid (11)
 V - a wand of polymorph (4)
Scrolls
 b - 10 scrolls of enchant weapon
 d - 10 scrolls of amnesia
 e - 5 scrolls of enchant armour
 f - 3 scrolls of blinking
 g - 10 scrolls of identify
 i - 21 scrolls of teleportation
 n - 2 scrolls of torment
 q - 5 scrolls of magic mapping
 z - 4 scrolls of fog
 D - a scroll of fear
 O - a scroll of holy word {unknown}
 P - a scroll of random uselessness {unknown}
 U - 2 scrolls of immolation
Potions
 c - 5 potions of lignification
 j - 2 potions of brilliance
 k - 2 potions of ambrosia
 l - 3 potions of attraction
 m - 3 potions of curing
 p - 2 potions of magic
 t - 5 potions of resistance
 A - 2 potions of haste
 B - a potion of cancellation
 T - 2 potions of flight
 X - 4 potions of mutation


   Skills:
 + Level 10.9 Fighting
 - Level 15.9(16.0) Maces & Flails
 - Level 2.6(3.0) Polearms
 - Level 1.7(11.0) Staves
 - Level 2.1 Armour
 - Level 1.0 Stealth
 - Level 15.0 Shields
 - Level 1.0 Evocations


You had 8 spell levels left.
You knew the following spells:

 Your Spells              Type           Power        Failure   Level
a - Blink                 Tloc           N/A          52%         2
b - Lesser Beckoning      Tloc           0%           77%         3

Your spell library contained the following spells:

 Spells                   Type           Power        Failure   Level
 Animate Skeleton         Necr           0%           38%         1
 Apportation              Tloc           0%           38%         1
 Corona                   Hex            0%           38%         1
 Magic Dart               Conj           0%           38%         1
 Pain                     Necr           0%           38%         1
 Sandblast                Erth           0%           38%         1
 Summon Small Mammal      Summ           0%           38%         1
 Call Imp                 Summ           0%           52%         2
 Passwall                 Tmut/Erth      0%           52%         2
 Poisonous Vapours        Pois/Air       0%           52%         2
 Searing Ray              Conj           0%           52%         2
 Slow                     Hex            0%           52%         2
 Confusing Touch          Hex            0%           77%         3
 Conjure Flame            Conj/Fire      0%           77%         3
 Dazzling Flash           Conj/Hex       0%           77%         3
 Gell's Gravitas          Tloc           0%           77%         3
 Mephitic Cloud           Conj/Pois/Air  0%           77%         3
 Stone Arrow              Conj/Erth      0%           77%         3
 Teleport Other           Tloc           0%           77%         3
 Vampiric Draining        Necr           0%           77%         3
 Animate Armour           Summ/Erth      0%           99%         4
 Animate Dead             Necr           0%           99%         4
 Fulminant Prism          Conj/Hex       0%           99%         4
 Iskenderun's Mystic Bla  Conj/Tloc      0%           99%         4
 Leda's Liquefaction      Hex/Erth       0%           99%         4
 Manifold Assault         Tloc           0%           99%         4
 Petrify                  Tmut/Erth      0%           99%         4
 Agony                    Necr           0%           100%        5
 Bolt of Magma            Conj/Fire/Erth 0%           100%        5
 Lee's Rapid Deconstruct  Erth           0%           100%        5
 Metabolic Englaciation   Hex/Ice        0%           100%        5
 Yara's Violent Unravell  Hex/Tmut       0%           100%        5
 Freezing Cloud           Conj/Ice/Air   0%           100%        6
 Iron Shot                Conj/Erth      0%           100%        6
 Statue Form              Tmut/Erth      0%           100%        6
 Shatter                  Erth           0%           100%        9


Dungeon Overview and Level Annotations

Branches:
Dungeon (15/15)            Temple (0/1) D:4            Lair (6/6) D:11
 Shoals (0/4) Lair:3       Spider (0/4) Lair:2        Slime (0/5) Lair:5
    Orc (2/2) D:10            Elf (0/3) Orc:2        Vaults (0/5) D:13
 Depths (0/5) D:15         Bailey (visited)         Gauntlet (visited)

Shops:
D:8 [   D:13 *   D:14 :   D:15 (   Orc:1 !   Orc:2 :*?[

Annotations:
D:14 Agnes
D:15 Louise, Roxanne
Lair:1 exclusion: 3 doors
Lair:2 exclusion: 2 oklob plants
Lair:3 exclusion: oklob plant


Innate Abilities, Weirdness & Mutations

You have an increased reservoir of magic. (+10% MP)
You can translocate small distances at will.
You are frail. (-10% HP)
Your muscles are strong. (Str +2)


Message History

A spatial vortex comes into view.
You bludgeon the wretched star!!
You destroy the wretched star!
You block the spatial maelstrom's attack.
The spatial maelstrom hits you! Space bends around you.
The large abomination closely misses you.
The ancient zyme barely misses you. You block the ancient zyme's attack.
You block the spatial maelstrom's attack.
The spatial maelstrom hits you.
The ancient zyme hits you but does no damage. x2
You sock the ancient zyme!
The ancient zyme is lightly damaged.
You block the spatial maelstrom's attack.
The spatial maelstrom hits you but does no damage.
You hit the ancient zyme.
The ancient zyme is moderately damaged.
The spatial maelstrom hits you!
* * * LOW HITPOINT WARNING * * *
You blink.
A reaper comes into view. It is wielding a +5 scythe of venom.
Unknown command.
An efreet comes into view.
It is wielding a +1 scimitar of flaming.
You feel ill.
The ancient zyme hits you but does no damage.
You block the ancient zyme's attack.
A spatial vortex comes into view.
The spatial maelstrom hits you!
* * * LOW HITPOINT WARNING * * *
The spatial maelstrom hits you!
* * * LOW HITPOINT WARNING * * *
Space warps horribly around you!
* * * LOW HITPOINT WARNING * * *
You feel ill.
You feel better. The ancient zyme hits you.
* * * LOW HITPOINT WARNING * * *
You block the ancient zyme's attack.
You feel yourself growing ill in the presence of the ancient zyme.
A small abomination comes into view.
The spatial vortex hits you!!
You die...

### ... . #.# ## ##.
#.# #.#.. #.###.#.#
#@#.##..# .
#....xvxv.##.# . ..
°#.R###...x#.##.....
#.# ○....)....'v....
#.R.###....#### ....
... #.#.## ... .
#..### . ..... ##.#.


You could see a spatial maelstrom, a spatial vortex, 2 ancient zymes, an efreet
(wandering) and a small abomination (wandering).

Vanquished Creatures
  Kirke (Lair:6)
  A draconian scorcher (Abyss:2)
  Azrael (Orc:2)
  A minotaur (Gauntlet)
  A death ooze (Gauntlet)
  3 jiangshi (Abyss:2)
  Erolcha (D:10)
  2 boulder beetles (Lair:1)
  An anaconda (shapeshifter) (D:13)
  2 centaur warriors
  3 orc high priests
  5 death yaks
  2 tengu warriors (D:14)
  3 thrashing horrors (Abyss:2)
  2 wretched stars
  A fire crab (shapeshifter) (D:15)
  A spatial maelstrom (Abyss:2)
  A deep elf pyromancer (D:15)
  5 orc sorcerers
  2 wolf spiders
  5 orc knights
  2 oklob plants
  A will-o-the-wisp (Abyss:2)
  2 ugly things
  2 manticores
  An eye of devastation (shapeshifter) (D:15)
  Joseph (D:9)
  A guardian serpent (Lair:6)
  11 elephants
  A torpor snail (Lair:5)
  3 smoke demons (Abyss:2)
  10 black mambas
  An apocalypse crab (Abyss:2)
  A naga mage (D:15)
  13 cane toads
  3 rime drakes
  3 centaur skeletons
  A kobold demonologist (D:14)
  6 komodo dragons
  An ancient zyme (Abyss:2)
  4 jumping spiders (Lair:2)
  A polar bear (Lair:6)
  6 trolls
  2 hornets (Lair:6)
  19 blink frogs
  Prince Ribbit (D:5)
  4 raiju (Abyss:2)
  4 slime creatures
  5 redbacks
  A tarantella (Lair:1)
  2 fire bats (Abyss:2)
  A vampire (D:14)
  A hog (shapeshifter) (D:13)
  10 wyverns
  4 golden eyes (Abyss:2)
  34 yaks
  3 fire elementals (Orc:2)
  3 wraiths
  3 basilisks
  2 hogs (Lair:6)
  A human (Lair:6)
  A spatial vortex (Abyss:2)
  2 acid dragons (Gauntlet)
  2 large abominations (Abyss:2)
  2 wargs (Orc:2)
  A soldier ant (D:12)
  3 small abominations
  23 water moccasins
  A floating eye (Lair:2)
  5 hell hounds (Orc:2)
  2 sky beasts
  An ice beast (shapeshifter) (D:13)
  A black bear (D:6)
  7 ogres
  33 orc warriors
  An eye of draining (D:7)
  7 wolves
  2 necrophages
  A boggart (Lair:1)
  5 centaurs
  A phantom (D:6)
  4 kobold brigands
  16 bullfrogs
  9 scorpions
  10 wights
  An electric eel (Lair:3)
  9 howler monkeys
  A crimson imp (Abyss:2)
  A bullfrog zombie (D:11)
  7 hounds
  6 jellies
  An iron imp (Abyss:2)
  4 bullfrog skeletons
  26 orc priests
  9 worker ants
  Natasha (thrice) (D:3)
  An iguana (D:7)
  32 orc wizards
  5 hell rats (Lair:5)
  A hound zombie (D:7)
  2 hound skeletons
  4 worker ant zombies
  16 adders
  5 gnolls
  A shadow imp (D:9)
  5 white imps
  2 ufetubi (D:5)
  2 adder zombies
  2 adder skeletons
  2 worms
  2 dart slugs (D:1)
  9 leopard geckos
  108 orcs
  3 ball pythons
  7 giant cockroaches
  8 goblins
  6 hobgoblins
  3 jackals (D:7)
  3 quokkas
  10 bats
  2 frilled lizards
  A jackal zombie (D:5)
  34 kobolds
  A leopard gecko skeleton (D:4)
  12 rats
716 creatures vanquished.

Vanquished Creatures (others)
  A warg (Orc:2)
  A small abomination (Abyss:2)
  3 orc wizards
  A bush (Lair:2)
  2 foxfires (Abyss:2)
  51 fungi
  63 plants
122 creatures vanquished.

Grand Total: 838 creatures vanquished

Notes
Turn   | Place    | Note
-------+----------+-------------------------------------------
     0 | D:1      | Froggeryz the Demigod Wanderer began the quest for the Orb.
     0 | D:1      | Froggeryz set off with the following items: a +2
                  | quarterstaff, a +0 spear, a potion of lignification, a +0
                  | robe
     0 | D:1      | Reached XP level 1. HP: 18/18 MP: 3/3
   191 | D:1      | Reached skill level 1 in Armour
   191 | D:1      | Reached XP level 2. HP: 19/26 MP: 4/4
   986 | D:2      | Reached XP level 3. HP: 24/31 MP: 5/5
  1192 | D:2      | Found a hazy altar of Hepliaklqana.
  1230 | D:2      | Found an ancient bone altar of Kikubaaqudgha.
  1381 | D:2      | Reached skill level 1 in Maces & Flails
  1910 | D:3      | Noticed Natasha
  1921 | D:3      | Killed Natasha
  1922 | D:3      | Reached XP level 4. HP: 23/40 MP: 6/6
  2093 | D:3      | Found a burning altar of Makhleb.
  2303 | D:3      | Reached XP level 5. HP: 46/46 MP: 7/7
  2614 | D:3      | Noticed Natasha
  2646 | D:3      | Killed Natasha
  2729 | D:3      | Noticed Natasha
  2736 | D:3      | Killed Natasha
  3327 | D:3      | Found a glowing golden altar of the Shining One.
  3413 | D:4      | Identified a pair of fine boots
  3463 | D:4      | Reached XP level 6. HP: 31/52 MP: 8/8
  3939 | D:4      | Reached skill level 5 in Maces & Flails
  3975 | D:4      | HP: 2/52 [bullfrog skeleton (2)]
  4330 | D:4      | Found a white marble altar of Elyvilon.
  4428 | D:4      | Found a radiant altar of Vehumet.
  4728 | D:4      | Found an ornate altar of the Wu Jian Council.
  4816 | D:4      | Reached XP level 7. HP: 34/59 MP: 9/9
  5141 | D:4      | Found a staircase to the Ecumenical Temple.
  5353 | D:4      | Found a shimmering blue altar of Sif Muna.
  5444 | D:5      | Entered Level 5 of the Dungeon
  6112 | D:5      | Found a blossoming altar of Fedhas.
  6251 | D:5      | Noticed Prince Ribbit
  6269 | D:5      | Killed Prince Ribbit
  6976 | D:6      | Identified an ichor-stained short sword
  7093 | D:6      | Reached XP level 8. HP: 56/66 MP: 10/10
  9100 | D:6      | Reached skill level 10 in Maces & Flails
 10131 | D:7      | Found an opulent altar of Gozag.
 10350 | D:7      | Found a shimmering altar of Xom.
 10501 | D:7      | Reached XP level 9. HP: 44/71 MP: 11/11
 10907 | D:8      | Found Zieschin's Armour Emporium.
 10944 | D:8      | Bought a +3 scale mail of fire resistance for 286 gold
                  | pieces
 11273 | D:8      | Bought a +0 kite shield for 49 gold pieces
 11717 | D:8      | Found a glowing golden altar of the Shining One.
 11736 | D:8      | Found a sparkling altar of Nemelex Xobeh.
 11763 | D:8      | Reached skill level 1 in Shields
 12836 | D:9      | Found a shadowy altar of Dithmenos.
 12990 | D:9      | Noticed Joseph
 13019 | D:9      | Killed Joseph
 13114 | D:9      | Found a stormy altar of Qazlal.
 13821 | D:10     | Entered Level 10 of the Dungeon
 14126 | D:10     | Found a radiant altar of Vehumet.
 14205 | D:10     | Noticed Erolcha
 14225 | D:10     | Killed Erolcha
 14226 | D:10     | Reached XP level 10. HP: 59/78 MP: 13/13
 14996 | D:10     | Reached skill level 5 in Shields
 15176 | D:10     | Found a staircase to the Orcish Mines.
 15247 | D:10     | Found a roughly hewn altar of Beogh.
 16190 | D:11     | Found a flagged portal.
 16195 | D:11     | Found a staircase to the Lair.
 16200 | Bailey   | Entered a bailey
 16371 | Bailey   | Noticed an orc knight
 16382 | Bailey   | Gained mutation: You can translocate small distances at
                  | will. [potion of mutation]
 16382 | Bailey   | Gained mutation: You are frail. (-10% HP) [potion of
                  | mutation]
 16382 | Bailey   | Gained mutation: Your muscles are strong. (Str +2) [potion
                  | of mutation]
 16395 | Bailey   | Killed an orc knight
 16558 | D:11     | Learned a level 2 spell: Blink
 16837 | D:11     | Reached XP level 11. HP: 58/75 MP: 14/14
 17319 | Lair:1   | Entered Level 1 of the Lair of Beasts
 17343 | Lair:1   | Noticed Grum
 17346 | Lair:1   | Noticed Grum
 17346 | Lair:1   | Grum changed into Grum the boggart
 17351 | Lair:1   | Killed Grum the boggart
 18191 | Lair:1   | Found a runed translucent door.
 18463 | Lair:1   | Identified an ichor-stained whip
 18465 | Lair:1   | Noticed a boulder beetle
 18465 | Lair:1   | Noticed a boulder beetle
 18779 | Lair:1   | Killed a boulder beetle
 19010 | Lair:1   | Killed a boulder beetle
 19370 | Lair:1   | Identified a sparkling brass ring
 20353 | Lair:2   | Found a hole to the Spider Nest.
 21042 | Lair:2   | Reached skill level 10 in Shields
 21194 | Lair:2   | Paralysed by a floating eye for 2 turns
 22270 | Lair:3   | Found a shimmering altar of Xom.
 22877 | Lair:3   | Noticed a death yak
 22877 | Lair:3   | Noticed a death yak
 22878 | Lair:3   | Noticed a death yak
 22878 | Lair:3   | Noticed a death yak
 22904 | Lair:3   | Noticed a death yak
 22919 | Lair:3   | Killed a death yak
 22920 | Lair:3   | Reached XP level 12. HP: 74/81 MP: 13/15
 23341 | Lair:3   | Found a staircase to the Shoals.
 25167 | Lair:4   | Reached skill level 5 in Fighting
 25798 | Lair:5   | Upgraded the game from 0.27-a0-416-gca2cecf3c0 to
                  | 0.27-a0-445-gbe96e517c0
 25972 | Lair:5   | Found a staircase to the Slime Pits.
 26163 | Lair:5   | HP: 4/81 [yak (3)]
 27355 | Lair:6   | Entered Level 6 of the Lair of Beasts
 27658 | Lair:6   | Reached XP level 13. HP: 59/92 MP: 16/16
 27659 | Lair:6   | Found a gate leading to a gauntlet.
 27668 | Gauntlet | Entered a Gauntlet
 27668 | Gauntlet | Found a transporter.
 27675 | Gauntlet | Found a transporter.
 27677 | Gauntlet | Found a transporter.
 27692 | Gauntlet | Found a transporter.
 27694 | Gauntlet | Found a transporter.
 27712 | Gauntlet | Found a transporter.
 27719 | Gauntlet | Found a transporter.
 27729 | Gauntlet | Found a transporter.
 27730 | Gauntlet | Noticed a dire elephant
 27733 | Gauntlet | Found a transporter.
 27733 | Gauntlet | Found a transporter.
 27745 | Gauntlet | Found a transporter.
 27759 | Gauntlet | Found a transporter.
 27767 | Gauntlet | Found a runed translucent gate.
 27768 | Gauntlet | Found a transporter.
 27768 | Gauntlet | Found a runed translucent gate.
 27769 | Gauntlet | Found a runed translucent gate.
 27770 | Gauntlet | Found a transporter.
 28365 | Gauntlet | Identified the ring "Huj Soq" {+Blink rPois rF+ rCorr}
 28372 | Gauntlet | Identified a scroll of acquirement
 28374 | Gauntlet | Acquired the +5 eveningstar of Haroemez {vorpal, Int+4}
 28536 | Gauntlet | Identified the +8 trident "Qeujol" {elec, Str+4 Int-2}
 28536 | Gauntlet | Identified the +13 chain mail of the Kraken {Rampage
                  | *Corrode +Blink rC+}
 28536 | Gauntlet | Noticed a minotaur
 28549 | Gauntlet | Killed a minotaur
 28556 | Gauntlet | Identified the +1 flail of Bakhlugoapp {holy, rN+ Str+2}
 28560 | Gauntlet | Identified the +2 hat of Niujy {rF- Dex+7 SInv}
 28941 | Lair:6   | Noticed Kirke
 28948 | Lair:6   | Noticed a sphinx
 28958 | Lair:6   | Killed Kirke
 29594 | Lair:6   | Reached skill level 15 in Shields
 30939 | Orc:1    | Entered Level 1 of the Orcish Mines
 31135 | Orc:1    | Found Monluec's Distillery.
 31220 | Orc:1    | Bought a potion of curing for 45 gold pieces
 31220 | Orc:1    | Bought a potion of heal wounds for 75 gold pieces
 31220 | Orc:1    | Bought 2 potions of mutation for 240 gold pieces
 31220 | Orc:1    | Bought a potion of curing for 45 gold pieces
 31220 | Orc:1    | Bought a potion of heal wounds for 75 gold pieces
 31605 | Orc:2    | Entered Level 2 of the Orcish Mines
 31691 | Orc:2    | Found a roughly hewn altar of Beogh.
 31832 | Orc:2    | Found Ypsoaneyd's Armour Shoppe.
 32207 | Orc:1    | Reached skill level 15 in Maces & Flails
 32491 | Orc:2    | Reached XP level 14. HP: 82/101 MP: 14/17
 32779 | Orc:2    | Found Wazi's Book Shoppe.
 32780 | Orc:2    | Found Codof's Magic Scroll Shop.
 32780 | Orc:2    | Found Laecij's Assorted Antiques.
 32790 | Orc:2    | Bought a scroll of enchant weapon for 75 gold pieces
 32790 | Orc:2    | Bought a scroll of teleportation for 30 gold pieces
 32790 | Orc:2    | Bought a scroll of enchant armour for 75 gold pieces
 32790 | Orc:2    | Bought a scroll of teleportation for 30 gold pieces
 32790 | Orc:2    | Bought a scroll of teleportation for 30 gold pieces
 32790 | Orc:2    | Bought a scroll of blinking for 75 gold pieces
 32798 | Orc:2    | Bought a scroll of teleportation for 60 gold pieces
 32802 | Orc:2    | Bought an onyx ring for 100 gold pieces
 32850 | Orc:2    | Found a staircase to the Elven Halls.
 33090 | Orc:2    | Noticed Azrael
 33383 | Orc:2    | Killed Azrael
 34060 | D:12     | Found a bloodstained altar of Trog.
 34468 | D:13     | Found a gate to the Vaults.
 35762 | D:13     | Found Saxzebb's General Store.
 35771 | D:13     | Bought a scroll of blinking for 97 gold pieces
 35771 | D:13     | Bought a wand of digging (5) for 234 gold pieces
 35897 | D:14     | Found Umawk's Book Shoppe.
 36235 | D:14     | Learned a level 3 spell: Lesser Beckoning
 36698 | D:15     | Entered Level 15 of the Dungeon
 36846 | D:15     | Noticed Agnes
 36863 | D:14     | HP: 1/104 [Agnes/+1 lajatang of speed (17)]
 37402 | D:15     | Noticed Roxanne
 37627 | D:15     | Found Xarelugot's Antique Weapon Shoppe.
 37683 | D:15     | Found a staircase to the Depths.
 37887 | D:15     | Noticed Louise
 37900 | D:15     | Cast into level 2 of the Abyss (Louise)
 37907 | Abyss:2  | Identified the +10 plate armour of Quantum Leap {rPois}
 38119 | Abyss:2  | Identified the +1 chain mail of Creativity {rN+}
 38297 | Abyss:2  | Noticed a bone dragon
 38420 | Abyss:2  | Reached skill level 10 in Fighting
 38560 | Abyss:2  | Noticed a purple draconian scorcher
 38572 | Abyss:2  | Killed a purple draconian scorcher
 39433 | Abyss:2  | Noticed a reaper
 39436 | Abyss:2  | HP: 1/109 [spatial maelstrom (13)]
 39437 | Abyss:2  | Mangled by a spatial vortex

Illustrated notes

Levels and vault maps discovered:
D:1:      erik_arrival_cave_to_civilisation [erik_arrival_cave_to_hall],
          layout_basic, minivault_19
D:2:      layout_loops_ring, kiku_gazebo_garden_becter,
          nzn_hepliaklqana_mist_gate
D:3:      minmay_spotlight, layout_basic, lemuel_crystal_altar,
          nicolae_tso_swordbearing_angel, uniq_natasha
D:4:      layout_basic, kennysheep_mini_moat, lemuel_doored_altar,
          vehumet_altar_wand_db, nzn_wu_jian_contemplation,
          minmay_temple_entry_antechambers
D:5:      layout_basic, fedhas_altar_1, uniq_prince_ribbit1
D:6:      layout_loops_corners
D:7:      layout_rooms, nicolae_gozag_cash_rules_everything_around_me,
          kennysheep_little_box
D:8:      layout_rooms, lemuel_crystal_altar, serial_shops, shop,
          nemelex_spade_bored_becter
D:9:      layout_grid_maze, nicolae_qazlal_style_of_elements,
          nicolae_dithmenos_through_a_glass_darkly, uniq_joseph
D:10:     layout_loops_ring, david_orc_4, basic_altar, special_room
          [special_room_orc], uniq_erolcha
D:11:     layout_loops_ring, lair_entry_dummy, enter_bailey_2
D:12:     layout_cave_pools, basic_altar
D:13:     layout_basic, david_vaults_2, serial_shops, shop,
          grunt_decor_arrowhead, lemuel_flamethrower_3
D:14:     layout_roguey, hangedman_abyss_or_decor_passed, serial_shops, shop
D:15:     hangedman_depths_entry_try_elsewhere_first, layout_basic,
          serial_shops, shop, minmay_misc_feat_nine_boxes, uniq_roxanne,
          uniq_agnes, uniq_louise
Lair:1:   gammafunk_indiana_jones, layout_cave_shapes, uniq_grum
Lair:2:   layout_long_grid, nicolae_spider_entry_tight_spaces, disabler_island,
          grunt_megastairs_1, serial_bayou_shore_a
Lair:3:   layout_gridlike, elwin_shoals_entry_rocks, basic_altar,
          serial_bayou_pond_e
Lair:4:   layout_loops_ring, infiniplex_staircase_pool_2
Lair:5:   layout_cave_pods, minmay_slime_entry_pillars, lemuel_fruit_fields,
          grunt_megastairs_4
Lair:6:   hangedman_lair_tendril_chambers, layout_regular_city,
          gauntlet_entry_generic, patterned_corridor, uniq_kirke
Orc:1:    layout_caves, serial_shops, nicolae_shop_trees
Orc:2:    st_orc_elflike, layout_diamond_mine, nicolae_orc_flooded_monolith,
          mines2_david, uniq_azrael
Abyss:2:  base:
D:6

Skill      XL: |  1  2  3  4  5  6  7  8  9 10 11 12 13 14 |
---------------+-------------------------------------------+-----
Fighting       | 3 4 6 7 10 | 10.9
Armour         | 1 2 |  2.1
Maces & Flails | 1 2 4 5 8 10 12 13 14 15 | 15.9
Shields        | 4 6 11 13 15 | 15.0
Polearms       | |  2.6
Staves         | |  1.7
Stealth        | |  1.0
Evocations     | |  1.0

Action                   |  1- 3 |  4- 6 |  7- 9 | 10-12 | 13-15 || total
-------------------------+-------+-------+-------+-------+-------++-------
Melee: Quarterstaff      |   104 |    16 |       |       |       ||   120
       Flail             |       |   108 |   182 |   143 |       ||   433
       Dagger            |       |   107 |   182 |       |       ||   289
       Whip              |       |    75 |   425 |   773 |    19 ||  1292
       Mace              |       |       |       |   411 |    12 ||   423
       Eveningstar       |       |       |       |       |   809 ||   809
Throw: Dart              |       |       |     9 |     5 |       ||    14
       Boomerang         |       |       |     4 |    45 |       ||    49
 Cast: Blink             |       |       |       |       |     1 ||     1
Evoke: Wand              |       |       |    14 |    14 |     8 ||    36
       Tin of tremorston |       |       |       |     1 |       ||     1
  Use: Potion            |       |     5 |     1 |    10 |     7 ||    23
       Scroll            |       |       |       |    18 |     8 ||    26
 Stab: Petrified         |       |       |    17 |       |       ||    17
       Petrifying        |       |       |     1 |       |       ||     1
       Paralysed         |       |       |       |     9 |       ||     9
       Distracted        |       |       |       |       |     3 ||     3
Armor: Leather armour    |     3 |       |       |       |       ||     3
       Robe              |     1 |       |       |       |       ||     1
       Ring mail         |    30 |   117 |    81 |       |       ||   228
       Skin              |       |    67 |       |       |       ||    67
       Scale mail        |       |       |   152 |   274 |   180 ||   606
Dodge: Dodged            |    66 |   114 |   297 |   493 |   226 ||  1196
Block: Kite shield       |       |       |       |   320 |   505 ||   825

Table legend: (Time is in decaauts)
 A = Elapsed time spent in this place.
 B = Non-inter-level travel time spent in this place.
 C = Inter-level travel time spent in this place.
 D = Time resting spent in this place.
 E = Time spent auto-exploring this place.
 F = Levels seen in this place.
 G = Mean time per level.
                   A        B        C        D        E       F      G
               +--------+--------+--------+--------+--------+-----+--------+
         Total |  38642 |  37661 |    981 |  11892 |  19683 |  26 | 1486.2 |
       Dungeon |  21006 |  20367 |    639 |   5303 |  12074 |  15 | 1400.4 |
          Lair |  12273 |  11992 |    281 |   3969 |   6258 |   6 | 2045.5 |
  Orcish Mines |   2660 |   2600 |     60 |    923 |   1260 |   2 | 1330.0 |
         Abyss |   1497 |   1497 |      0 |   1033 |     85 |   1 | 1497.0 |
        Bailey |    309 |    309 |      0 |     66 |      5 |   1 |  309.0 |
      Gauntlet |    893 |    893 |      0 |    597 |      0 |   1 |  893.0 |
               +--------+--------+--------+--------+--------+-----+--------+

Top non-repeatable levels by time:
  Lair:2: 2918 daAuts
  Lair:1: 2441 daAuts
  Lair:6: 2434 daAuts
     D:6: 2279 daAuts
    D:10: 2033 daAuts
     D:4: 2025 daAuts
  Lair:3: 1820 daAuts
    D:13: 1784 daAuts
     D:3: 1711 daAuts
     D:9: 1578 daAuts
   Orc:2: 1528 daAuts
 Abyss:2: 1497 daAuts
     D:8: 1492 daAuts
     D:5: 1442 daAuts
     D:7: 1398 daAuts
